[Event "ICC tourney 2565 (45 10)"]
[Site "Internet Chess Club"]
[Date "2021.05.15"]
[Round "2"]
[White "Gao, Marvin:kaiclc"]
[Black "HEBDEN, MARK L:mhebden"]
[Result "0-1"]
[ICCResult "White checkmated"]
[WhiteElo "2029"]
[BlackElo "2503"]
[Opening "Ruy Lopez: closed, Pilnik variation"]
[ECO "C88"]
[NIC "RL.17"]
[Time "13:31:49"]
[PlyCount "98"]
[TimeControl "2700+10"]

1. e4 e5 2. Nf3 Nc6 3. Bb5 a6 4. Ba4 Nf6 5. O-O Be7 6. Re1 b5 7. Bb3 O-O 8.
d3 d6 9. c3 Na5 10. Bc2 c5 11. Nbd2 Re8 12. Nf1 h6 13. a4 b4 14. cxb4 cxb4
15. d4 Bg4 16. d5 Nb7 17. h3 Bd7 18. Be3 Qb8 19. Rc1 Rc8 20. Ng3 Nc5 21. b3
Bf8 22. Qd2 a5 23. Nh4 Ra7 24. f4 Rac7 25. fxe5 dxe5 26. Kh2 Ne8 27. Nhf5
Bxf5 28. Nxf5 Nd6 29. Nxd6 Bxd6 30. Rf1 Nd7 31. Qf2 f6 32. Bd3 Rxc1 33.
Rxc1 Rxc1 34. Bxc1 Qc7 35. Bd2 Bc5 36. Qf5 Nf8 37. Bc4 Qd6 38. Qc8 Kh7 39.
Qc6 Qe7 40. Qc8 Bb6 41. Qa6 Qc5 42. d6 Qg1+ 43. Kg3 Bf2+ 44. Kf3 Bc5 45.
Bf1 Qf2+ 46. Kg4 Qxd2 47. h4 Qf4+ 48. Kh3 Bf2 49. Qd3 Qxh4# { White
checkmated } 0-1

[Event "ICC tourney 2565 (45 10)"]
[Site "Internet Chess Club"]
[Date "2021.05.15"]
[Round "2"]
[White "ARIAS SANTANA, MAURICIO:Enemigoalacecho"]
[Black "CHINCHILLA MIRANDA, EUGENIO:Chinchi"]
[Result "1-0"]
[ICCResult "Black forfeits on time"]
[WhiteElo "2420"]
[BlackElo "2330"]
[Opening "Dutch defense"]
[ECO "A40"]
[NIC "QO.17"]
[Time "13:31:54"]
[PlyCount "91"]
[TimeControl "2700+10"]

1. d4 e6 2. c4 f5 3. a3 Nf6 4. Nc3 Be7 5. Nf3 b6 6. d5 O-O 7. e3 a5 8. Be2
g6 9. O-O Na6 10. b3 Nc5 11. Bb2 Nfe4 12. Qc2 Bf6 13. Nxe4 Nxe4 14. Ne5 Qe7
15. f4 Bb7 16. Rfd1 d6 17. Nc6 Bxc6 18. Bxf6 Qxf6 19. dxc6 g5 20. Bf3 Nc5
21. g3 Kh8 22. Rab1 gxf4 23. exf4 e5 24. fxe5 dxe5 25. Bd5 a4 26. b4 Nb3
27. Rf1 Nd4 28. Qb2 Rad8 29. Kh1 b5 30. Qc3 Qd6 31. Bg2 Qe6 32. cxb5 Nxb5
33. Qb2 Rd3 34. Rbe1 Nd4 35. Qc1 Rg8 36. Qc5 Re8 37. b5 Nb3 38. Qa7 Re7 39.
Qxa4 Nd2 40. Rf2 Nc4 41. Qc2 e4 42. Bf1 Ne5 43. Bxd3 exd3 44. Qc3 Kg8 45.
Qd4 Kf8 46. g4 { Black forfeits on time } 1-0

[Event "ICC tourney 2565 (45 10)"]
[Site "Internet Chess Club"]
[Date "2021.05.15"]
[Round "3"]
[White "RODRIGUEZ, ELENA:Cachi16"]
[Black "YIN, BENJAMIN:Ben2008"]
[Result "0-1"]
[ICCResult "White checkmated"]
[WhiteElo "2100"]
[BlackElo "1923"]
[Opening "Sicilian: Canal-Sokolsky attack, Sokolsky variation"]
[ECO "B52"]
[NIC "SI.01"]
[Time "16:01:23"]
[PlyCount "62"]
[TimeControl "2700+10"]

1. e4 c5 2. Nf3 d6 3. Bb5+ Bd7 4. Bxd7+ Qxd7 5. c4 e6 6. d4 cxd4 7. Nxd4
Nf6 8. Nc3 Be7 9. Be3 Nc6 10. O-O O-O 11. f3 Rac8 12. Qd2 Rfd8 13. Rfd1
Nxd4 14. Qxd4 a6 15. a4 Qc7 16. b3 d5 17. exd5 exd5 18. Nxd5 Nxd5 19. cxd5
Bf6 20. Qb6 Bxa1 21. Qxc7 Rxc7 22. Bb6 Be5 23. Bxc7 Bxc7 24. g3 Kf8 25. Kf2
Ke7 26. Ke3 Kd6 27. Kd4 Bb6+ 28. Ke4 Re8+ 29. Kf4 Re5 30. g4 Bf2 31. Rd3
g5# { White checkmated } 0-1

[Event "ICC tourney 2565 (45 10)"]
[Site "Internet Chess Club"]
[Date "2021.05.15"]
[Round "3"]
[White "PU, HENRY:hpu2005"]
[Black "Chin, Spencer:Baseballchamp"]
[Result "1-0"]
[ICCResult "Black resigns"]
[WhiteElo "1955"]
[BlackElo "1911"]
[Opening "QGD Slav: 4.e3 Bf5"]
[ECO "D12"]
[NIC "SL.01"]
[Time "16:01:27"]
[PlyCount "61"]
[TimeControl "2700+10"]

1. d4 d5 2. c4 c6 3. Nf3 Nf6 4. e3 Bf5 5. Nc3 e6 6. Nh4 Be4 7. f3 Bg6 8.
Qb3 Qc7 9. Bd2 Bd6 10. Rc1 Nbd7 11. cxd5 exd5 12. Nb5 Qb8 13. Nxd6+ Qxd6
14. Nxg6 hxg6 15. Qxb7 Rb8 16. Qxc6 Qxc6 17. Rxc6 O-O 18. b3 Rfc8 19. Rxc8+
Rxc8 20. Bd3 Nf8 21. Kf2 Ne6 22. Rc1 Rxc1 23. Bxc1 Kf8 24. a4 Ke7 25. Ba3+
Kd7 26. b4 Kc6 27. b5+ Kb6 28. Bb4 Nd7 29. a5+ Kb7 30. h4 Nc7 31. e4 {
Black resigns } 1-0

[Event "ICC tourney 2565 (45 10)"]
[Site "Internet Chess Club"]
[Date "2021.05.15"]
[Round "3"]
[White "YERRA, SAI SNEHA:saisneha"]
[Black "GOPAKUMAR, SIDDHARTH:siddhu"]
[Result "1-0"]
[ICCResult "Black resigns"]
[WhiteElo "1927"]
[BlackElo "2050"]
[Opening "QGD Slav: exchange variation"]
[ECO "D13"]
[NIC "SL.02"]
[Time "16:01:27"]
[PlyCount "57"]
[TimeControl "2700+10"]

1. d4 d5 2. c4 c6 3. cxd5 cxd5 4. Nf3 Nf6 5. Nc3 Nc6 6. Bf4 a6 7. e3 Bg4 8.
Be2 e6 9. O-O Bxf3 10. Bxf3 Bd6 11. Bxd6 Qxd6 12. Rc1 g5 13. Na4 h5 14. Nc5
Rb8 15. Qa4 Kf8 16. Nxb7 Rxb7 17. Rxc6 Qb4 18. Qxb4+ Rxb4 19. b3 a5 20. Ra6
g4 21. Be2 a4 22. Rxa4 Rxa4 23. bxa4 Ne4 24. a5 Nc3 25. Bd3 Nxa2 26. a6 Nb4
27. a7 Ke7 28. Rb1 Nc6 29. Rb6 { Black resigns } 1-0

[Event "ICC tourney 2565 (45 10)"]
[Site "Internet Chess Club"]
[Date "2021.05.15"]
[Round "3"]
[White "CHINCHILLA MIRANDA, EUGENIO:Chinchi"]
[Black "REMPE, JONAS JAKOB RAZA:Drachekokosnuss"]
[Result "1-0"]
[ICCResult "Black resigns"]
[WhiteElo "2330"]
[BlackElo "2100"]
[Opening "King's Indian: Four pawns attack"]
[ECO "E76"]
[NIC "KI.31"]
[Time "16:03:05"]
[PlyCount "49"]
[TimeControl "2700+10"]

1. d4 Nf6 2. c4 g6 3. Nc3 Bg7 4. e4 d6 5. f4 O-O 6. Nf3 Nbd7 7. Bd3 e5 8.
fxe5 dxe5 9. d5 Nc5 10. O-O Nh5 11. Bc2 a5 12. Bg5 Qe8 13. d6 c6 14. Be7
Be6 15. b3 Qd7 16. Bxf8 Rxf8 17. Qd2 f5 18. exf5 gxf5 19. Rad1 Rf6 20. Nxe5
Qd8 21. Qe2 Rh6 22. Bxf5 Qg5 23. Ng4 Bxf5 24. Qe8+ Bf8 25. Rxf5 { Black
resigns } 1-0

[Event "ICC tourney 2565 (45 10)"]
[Site "Internet Chess Club"]
[Date "2021.05.15"]
[Round "3"]
[White "HEBDEN, MARK L:mhebden"]
[Black "VENKATARAMAN, KARTHIK:karthikvap"]
[Result "0-1"]
[ICCResult "White resigns"]
[WhiteElo "2503"]
[BlackElo "2623"]
[Opening "King's Indian: fianchetto, Larsen system"]
[ECO "A49"]
[NIC "KI.75"]
[Time "16:01:14"]
[PlyCount "88"]
[TimeControl "2700+10"]

1. d4 Nf6 2. Nf3 g6 3. g3 Bg7 4. Bg2 O-O 5. O-O d6 6. c4 c6 7. Nc3 Bf5 8.
b3 Ne4 9. Bb2 Nxc3 10. Bxc3 Be4 11. e3 c5 12. Rc1 Nc6 13. d5 Bxc3 14. Rxc3
Nb4 15. a3 Na6 16. Nd2 Bxg2 17. Kxg2 Qa5 18. Qc1 b5 19. Rd3 Rab8 20. e4
bxc4 21. Nxc4 Qd8 22. Qh6 Qd7 23. Re1 f6 24. g4 Rf7 25. h3 Nc7 26. f4 Nb5
27. f5 gxf5 28. exf5 Nd4 29. Na5 Rg7 30. Kh2 Kh8 31. Rde3 Rbg8 32. Nc6 Nxf5
33. Qf4 Nxe3 34. Rxe3 f5 35. Re6 fxg4 36. h4 g3+ 37. Kg2 Rg6 38. Ne5 dxe5
39. Qxe5+ Rf6 40. h5 Rf8 41. h6 Qb5 42. Rxe7 Qf1+ 43. Kxg3 Rg8+ 44. Rg7
Qg1+ { White resigns } 0-1

[Event "ICC tourney 2565 (45 10)"]
[Site "Internet Chess Club"]
[Date "2021.05.15"]
[Round "3"]
[White "HOWARD, DEAN:edgehog"]
[Black "ARIAS SANTANA, MAURICIO:Enemigoalacecho"]
[Result "0-1"]
[ICCResult "White resigns"]
[WhiteElo "1975"]
[BlackElo "2420"]
[Opening "Ruy Lopez: Berlin defense"]
[ECO "C65"]
[NIC "RL.07"]
[Time "16:01:36"]
[PlyCount "88"]
[TimeControl "2700+10"]

1. e4 e5 2. Nf3 Nc6 3. Bb5 Nf6 4. Qe2 d6 5. O-O Be7 6. d4 exd4 7. Nxd4 Bd7
8. Nxc6 bxc6 9. Bd3 O-O 10. c4 Re8 11. Nc3 Ng4 12. Qc2 Bf8 13. b3 Qh4 14.
h3 Ne5 15. f4 Nxd3 16. Qxd3 Rad8 17. Be3 f5 18. exf5 Bxf5 19. Qe2 Bxh3 20.
Qf3 Bg4 21. Bf2 Qf6 22. Qxg4 Qxc3 23. Rad1 Re4 24. Bh4 Rde8 25. Rf3 Qc2 26.
Rg3 Rxf4 27. Qxf4 Qxd1+ 28. Kh2 Qh5 29. Rg5 Qf7 30. Qg4 c5 31. Rf5 Qe6 32.
Qf3 g6 33. Rf6 Qe5+ 34. Bg3 Qh5+ 35. Qxh5 gxh5 36. Rf2 Bg7 37. Kh3 Re4 38.
Bh4 Re3+ 39. g3 Be5 40. Rf5 Re2 41. Rxh5 Rxa2 42. Bd8 Rb2 43. Bxc7 Rxb3 44.
Rh4 Rxg3+ { White resigns } 0-1

[Event "ICC tourney 2565 (45 10)"]
[Site "Internet Chess Club"]
[Date "2021.05.15"]
[Round "3"]
[White "Minero Pineda, Sergio:SuperBueno"]
[Black "SHEEHAN, ETHAN THOMAS:Chessking2008"]
[Result "1-0"]
[ICCResult "Black resigns"]
[WhiteElo "2490"]
[BlackElo "2192"]
[Opening "King's Indian: 4.e4"]
[ECO "E70"]
[NIC "KI.31"]
[Time "16:01:18"]
[PlyCount "99"]
[TimeControl "2700+10"]

1. d4 Nf6 2. c4 g6 3. Nc3 Bg7 4. e4 d6 5. Bd3 O-O 6. Nge2 e5 7. d5 a5 8.
O-O Na6 9. Kh1 Nd7 10. Be3 f5 11. exf5 gxf5 12. f4 e4 13. Bb1 Ndc5 14. a3
Bd7 15. Bc2 Qe8 16. Bd4 Rf7 17. b3 Rb8 18. Rb1 b5 19. cxb5 Bxb5 20. Nxb5
Qxb5 21. Bxg7 Rxg7 22. Nd4 Qd7 23. Qd2 Kh8 24. b4 axb4 25. axb4 Rbg8 26. g3
Qf7 27. bxc5 Nxc5 28. Ne6 Nxe6 29. dxe6 Qf6 30. Qd5 h5 31. Rb5 Rf8 32. Rg1
Re7 33. Bb3 Qc3 34. Bd1 Rh7 35. Rb3 Qf6 36. Be2 Rg8 37. Rc1 h4 38. g4 fxg4
39. Qxe4 g3 40. h3 Rf8 41. Bd3 Rg7 42. Kg2 Re7 43. f5 c5 44. Rc4 Rh7 45.
Rb7 Rxb7 46. Qxb7 d5 47. Qxd5 Rb8 48. Qe4 Rb2+ 49. Bc2 Kg7 50. e7 { Black
resigns } 1-0

[Event "ICC tourney 2565 (45 10)"]
[Site "Internet Chess Club"]
[Date "2021.05.15"]
[Round "3"]
[White "FILIPOVICH, DAVID MICHAEL:dmfcan"]
[Black "REVESZ, GREGORY:GRevesz"]
[Result "0-1"]
[ICCResult "White forfeits on time"]
[WhiteElo "2150"]
[BlackElo "2037"]
[Opening "Réti opening"]
[ECO "A04"]
[NIC "QP.10"]
[Time "16:01:50"]
[PlyCount "50"]
[TimeControl "2700+10"]

1. Nf3 c5 2. g3 Nf6 3. Bg2 Nc6 4. O-O d5 5. d4 Qb6 6. dxc5 Qxc5 7. a3 Bf5
8. Nc3 e5 9. Nh4 Be6 10. Bg5 e4 11. Bxf6 gxf6 12. e3 h5 13. Ne2 Bh6 14. Nd4
Bg5 15. Nhf5 h4 16. Ng7+ Ke7 17. b4 Qc3 18. Ngf5+ Kd7 19. Bxe4 hxg3 20.
hxg3 Nxd4 21. Nxd4 Bxe3 22. Nf5 Qe5 23. Qd3 Bb6 24. Rfe1 Kc7 25. Bxd5 Bxd5
{ White forfeits on time } 0-1

[Event "ICC tourney 2565 (45 10)"]
[Site "Internet Chess Club"]
[Date "2021.05.15"]
[Round "3"]
[White "YANG Jr., ANDY:lemonoosa"]
[Black "WU, WILLIAM:chessw23"]
[Result "1-0"]
[ICCResult "Black resigns"]
[WhiteElo "2078"]
[BlackElo "1919"]
[Opening "Queen's pawn, Mason variation"]
[ECO "D00"]
[NIC "QP.08"]
[Time "16:01:16"]
[PlyCount "137"]
[TimeControl "2700+10"]

1. d4 d5 2. Bf4 Nf6 3. e3 e6 4. Nf3 Bd6 5. Bg3 O-O 6. Bd3 c5 7. c3 Qc7 8.
Ne5 Nbd7 9. f4 Ne4 10. Nd2 Ndf6 11. Bh4 cxd4 12. exd4 Be7 13. O-O Nxd2 14.
Qxd2 Ne4 15. Qe1 f5 16. Rc1 Bxh4 17. Qxh4 b5 18. Bxb5 Qb6 19. Bc6 Rb8 20.
Qe7 Qxb2 21. Bd7 Bxd7 22. Qxd7 Rfe8 23. Rb1 Qxb1 24. Qf7+ Kh8 25. Qxe8+
Rxe8 26. Rxb1 Nxc3 27. Rb3 Ne2+ 28. Kf2 Nxf4 29. Rb7 Ng6 30. Nf7+ Kg8 31.
Rxa7 Re7 32. Rxe7 Nxe7 33. Nd8 e5 34. dxe5 Ng6 35. Ke3 Nxe5 36. Kd4 Nd7 37.
a4 Kf8 38. Nc6 Ke8 39. a5 g5 40. a6 Nb6 41. Kc5 Nc8 42. a7 Nxa7 43. Nxa7 g4
44. Kxd5 f4 45. Ke4 f3 46. gxf3 gxf3 47. Kxf3 Kf7 48. Kg4 Kf6 49. Nb5 Ke5
50. Nc3 Kd4 51. Ne2+ Ke5 52. Kg5 Ke4 53. Kh6 Kf3 54. Kxh7 Kg4 55. Ng1 Kh4
56. Kg6 Kg4 57. h3+ Kh4 58. Kf5 Kh5 59. Nf3 Kh6 60. h4 Kh5 61. Kf4 Kh6 62.
Kg4 Kg6 63. h5+ Kh6 64. Kh4 Kh7 65. Kg5 Kg7 66. Ne5 Kh7 67. h6 Kh8 68. Kg6
Kg8 69. h7+ { Black resigns } 1-0

[Event "ICC tourney 2565 (45 10)"]
[Site "Internet Chess Club"]
[Date "2021.05.15"]
[Round "3"]
[White "BELOUS, VLADIMIR:Openyagami"]
[Black "IVANOV, ALEXANDER:marble"]
[Result "1/2-1/2"]
[ICCResult "Game drawn because neither player has mating material"]
[WhiteElo "2602"]
[BlackElo "2494"]
[Opening "English: closed, 5.Rb1"]
[ECO "A25"]
[NIC "EO.15"]
[Time "16:01:17"]
[PlyCount "119"]
[TimeControl "2700+10"]

1. c4 e5 2. g3 Nc6 3. Bg2 g6 4. Nc3 Bg7 5. Rb1 Nf6 6. b4 O-O 7. b5 Nd4 8.
e3 Ne6 9. Nge2 Re8 10. O-O Nc5 11. a4 d6 12. Ba3 h5 13. a5 a6 14. bxa6 Rxa6
15. Bxc5 dxc5 16. Bxb7 Rxa5 17. Bxc8 Qxc8 18. Nd5 Nxd5 19. cxd5 c6 20. Nc3
cxd5 21. Nxd5 e4 22. Qc2 Qd7 23. Nb6 Qd3 24. Rfc1 Qxc2 25. Rxc2 Rb8 26.
Rcc1 Ra2 27. Nd7 Rxb1 28. Rxb1 c4 29. Rb8+ Kh7 30. Rd8 Ra1+ 31. Kg2 Rd1 32.
Rc8 c3 33. Nc5 cxd2 34. Nxe4 Rg1+ 35. Kh3 g5 36. Nxd2 g4+ 37. Kh4 Kg6 38.
Rg8 Rg2 39. Rxg7+ Kxg7 40. Kxh5 Rxf2 41. Ne4 Rf1 42. Nd6 Rf2 43. Kxg4 Rxh2
44. Kf3 Kf6 45. Ne4+ Kf5 46. Nd6+ Ke6 47. Ne4 Ra2 48. Ng5+ Kf6 49. Ne4+ Ke5
50. Ng5 Ra7 51. Ne4 Kd5 52. Ng5 Kc4 53. Kf4 Ra1 54. e4 Kd3 55. e5 Rf1+ 56.
Kg4 Ke3 57. e6 fxe6 58. Nxe6 Rg1 59. Nf4 Rxg3+ 60. Kxg3 { Game drawn
because neither player has mating material } 1/2-1/2

[Event "ICC tourney 2565 (45 10)"]
[Site "Internet Chess Club"]
[Date "2021.05.15"]
[Round "3"]
[White "Vittal, Sanjana:MCTS13"]
[Black "Gao, Marvin:kaiclc"]
[Result "1/2-1/2"]
[ICCResult "Game drawn by mutual agreement"]
[WhiteElo "2190"]
[BlackElo "2029"]
[Opening "Sicilian: closed, 2...Nc6"]
[ECO "B23"]
[NIC "SI.44"]
[Time "16:01:27"]
[PlyCount "118"]
[TimeControl "2700+10"]

1. e4 c5 2. Nc3 Nc6 3. Bb5 g6 4. Bxc6 dxc6 5. d3 Bg7 6. f4 Nf6 7. Nf3 O-O
8. O-O Ng4 9. Qe1 b5 10. h3 Nf6 11. Qh4 b4 12. Nd1 Nd7 13. f5 e5 14. Qxd8
Rxd8 15. g4 f6 16. b3 a5 17. Nb2 Ba6 18. Be3 g5 19. Kg2 Kf7 20. Na4 Bf8 21.
h4 h6 22. hxg5 hxg5 23. Rh1 Bb5 24. Nb2 Kg8 25. Nd2 Nb6 26. Ndc4 Bxc4 27.
Nxc4 Nxc4 28. dxc4 a4 29. Rhd1 a3 30. Kf3 Rd4 31. Bxd4 cxd4 32. Ke2 c5 33.
Rh1 Bg7 34. Rh3 Rb8 35. Rd1 Rb7 36. Kd3 Rb8 37. Rb1 Rb7 38. Rbh1 Rb8 39.
Ke2 Rb7 40. Rb1 Rb8 41. Rbh1 Rb7 42. Kd3 Rb8 43. Rh5 Rb7 44. Rf1 Rb6 45.
Rfh1 Rb8 46. R1h2 Rb6 47. Rf2 Rb7 48. Rfh2 Rb6 49. Ke2 Rb7 50. Rh1 Rb6 51.
Rf1 Rb7 52. Rfh1 Rb6 53. R5h3 Rb7 54. Rf1 Rb6 55. Rh5 Rb8 56. Rf2 Rb7 57.
Rf1 Rb6 58. Rfh1 Rb7 59. Rf1 Rb8 { Game drawn by mutual agreement } 1/2-1/2

[Event "ICC tourney 2565 (45 10)"]
[Site "Internet Chess Club"]
[Date "2021.05.15"]
[Round "3"]
[White "SALAZAR, MELANIE:msalazarg"]
[Black "LIANG, YU-CHENG:Yucheng"]
[Result "1-0"]
[ICCResult "Black forfeits on time"]
[WhiteElo "2100"]
[BlackElo "1929"]
[Opening "Caro-Kann defense"]
[ECO "B10"]
[NIC "CK.01"]
[Time "16:01:15"]
[PlyCount "59"]
[TimeControl "2700+10"]

1. e4 c6 2. Nf3 d5 3. exd5 cxd5 4. Ne5 Nc6 5. d4 Nf6 6. c3 a6 7. Bd3 e6 8.
f4 Bd6 9. Nd2 Qc7 10. O-O O-O 11. Rf3 b5 12. Rh3 g6 13. Ndf3 Ne7 14. Qe1
Kg7 15. Qh4 h5 16. g4 Rh8 17. Bd2 Bb7 18. f5 exf5 19. gxf5 Bc8 20. Bg5 Neg8
21. Rf1 Ra7 22. Rg3 Ng4 23. fxg6 f6 24. Nf7 Bxg3 25. hxg3 fxg5 26. N3xg5
N8f6 27. Nxh8 Kxh8 28. Nf7+ Kg7 29. Ne5 Qd6 30. Qg5 { Black forfeits on
time } 1-0

[Event "ICC tourney 2565 (45 10)"]
[Site "Internet Chess Club"]
[Date "2021.05.15"]
[Round "3"]
[White "HU, ALEXANDER C:ahu1015"]
[Black "LEE, ALICE TERESA:binomialfactor"]
[Result "1/2-1/2"]
[ICCResult "Game drawn by mutual agreement"]
[WhiteElo "2023"]
[BlackElo "2173"]
[Opening "Caro-Kann: Tartakower (Nimzovich) variation"]
[ECO "B15"]
[NIC "CK.06"]
[Time "16:01:30"]
[PlyCount "101"]
[TimeControl "2700+10"]

1. e4 c6 2. d4 d5 3. Nd2 dxe4 4. Nxe4 Nf6 5. Nxf6+ exf6 6. c3 Bd6 7. Bd3
O-O 8. Qc2 Re8+ 9. Ne2 h5 10. Be3 Nd7 11. O-O-O Nf8 12. c4 Be6 13. Nc3 Bb4
14. Ne4 Be7 15. Kb1 Rc8 16. h3 b5 17. Nc5 bxc4 18. Bxc4 Bd5 19. Bxd5 Qxd5
20. g4 Ne6 21. gxh5 Qxh5 22. Rhg1 Qh7 23. Rg3 Bd6 24. Rg2 Qxh3 25. Rdg1
Bxc5 26. dxc5 Rcd8 27. Qc3 Qf5+ 28. Qc2 Qxc2+ 29. Kxc2 Kf8 30. Rg4 f5 31.
Ra4 f4 32. Bxf4 Nxf4 33. Rxf4 Re2+ 34. Kc3 Rdd2 35. Rg6 f6 36. Ra4 Rc2+ 37.
Kd3 Red2+ 38. Ke3 Rd7 39. b4 Rc3+ 40. Ke2 Re7+ 41. Kf1 Rc1+ 42. Kg2 Rc2 43.
Kf3 Rd7 44. Ra6 Rdd2 45. Rxa7 Rxf2+ 46. Ke3 Rfe2+ 47. Kd3 Red2+ 48. Ke3 Rh2
49. Rgxg7 Rh3+ 50. Ke4 Re2+ 51. Kd4 { Game drawn by mutual agreement }
1/2-1/2

[Event "ICC tourney 2565 (45 10)"]
[Site "Internet Chess Club"]
[Date "2021.05.15"]
[Round "4"]
[White "SHEEHAN, ETHAN THOMAS:Chessking2008"]
[Black "YANG Jr., ANDY:lemonoosa"]
[Result "1-0"]
[ICCResult "Black resigns"]
[WhiteElo "2192"]
[BlackElo "2078"]
[Opening "Nimzo-Indian: classical variation"]
[ECO "E32"]
[NIC "NI.24"]
[Time "18:31:08"]
[PlyCount "94"]
[TimeControl "2700+10"]

1. d4 Nf6 2. c4 e6 3. Nc3 Bb4 4. Qc2 O-O 5. Nf3 d5 6. cxd5 exd5 7. Bg5 h6
8. Bh4 c5 9. dxc5 Nbd7 10. e3 Qa5 11. Be2 Ne4 12. O-O Nxc3 13. bxc3 Bxc3
14. Rac1 Bb4 15. c6 bxc6 16. Nd4 c5 17. Nc6 Qb6 18. Ne7+ Kh8 19. Nxd5 Qa5
20. Nxb4 cxb4 21. Bf3 Rb8 22. Be7 Re8 23. Bd6 Rb5 24. Rfd1 Nf6 25. Bc6 Bf5
26. Qe2 Reb8 27. Bxb5 Rxb5 28. Bc7 Qa4 29. Qb2 Nd5 30. Be5 f6 31. Bd4 Rb8
32. Bxa7 Qxa7 33. Rxd5 Be6 34. Rd2 Qa3 35. Qxa3 bxa3 36. h3 Kg8 37. Rc3 Rb2
38. Rd8+ Kh7 39. Rxa3 Rxa2 40. Rxa2 Bxa2 41. e4 Kg6 42. f3 Kf7 43. Kf2 Ke6
44. Ke3 Ke7 45. Ra8 Bf7 46. Ra7+ Kf8 47. f4 Bc4 { Black resigns } 1-0

[Event "ICC tourney 2565 (45 10)"]
[Site "Internet Chess Club"]
[Date "2021.05.15"]
[Round "4"]
[White "Chin, Spencer:Baseballchamp"]
[Black "Vittal, Sanjana:MCTS13"]
[Result "0-1"]
[ICCResult "White resigns"]
[WhiteElo "1911"]
[BlackElo "2190"]
[Opening "Ruy Lopez: classical (Cordel) defense"]
[ECO "C64"]
[NIC "RL.01"]
[Time "18:31:01"]
[PlyCount "54"]
[TimeControl "2700+10"]

1. e4 e5 2. Nf3 Nc6 3. Bb5 Bc5 4. d3 h6 5. c3 Qf6 6. Be3 Bb6 7. Bxb6 axb6
8. Na3 Nge7 9. Nc2 O-O 10. Ne3 d6 11. O-O Ng6 12. Nd5 Qd8 13. Ne3 Nce7 14.
h4 f5 15. Bc4+ Kh8 16. h5 Nf4 17. g3 Nh3+ 18. Kg2 f4 19. Nf5 Nxf5 20. exf5
Bxf5 21. Nh4 Ng5 22. Nxf5 f3+ 23. Kh2 Rxf5 24. g4 Rf4 25. Rg1 Qd7 26. d4
Rxg4 27. Bf1 Rh4+ { White resigns } 0-1

[Event "ICC tourney 2565 (45 10)"]
[Site "Internet Chess Club"]
[Date "2021.05.15"]
[Round "4"]
[White "SALAZAR, MELANIE:msalazarg"]
[Black "HEBDEN, MARK L:mhebden"]
[Result "0-1"]
[ICCResult "White resigns"]
[WhiteElo "2100"]
[BlackElo "2503"]
[Opening "Bishop's opening: Berlin defense"]
[ECO "C24"]
[NIC "IG.04"]
[Time "18:30:40"]
[PlyCount "70"]
[TimeControl "2700+10"]

1. e4 e5 2. Bc4 Nf6 3. Qe2 Nc6 4. Nf3 Be7 5. d3 O-O 6. c3 d6 7. Bb3 Be6 8.
Nbd2 a5 9. a4 h6 10. Bc2 d5 11. h3 Nd7 12. g4 Nc5 13. Nf1 d4 14. Rg1 Bb3
15. Bb1 Nxa4 16. Rxa4 Bxa4 17. Ba2 dxc3 18. bxc3 Bb5 19. c4 Bb4+ 20. N1d2
Ba4 21. g5 Bc2 22. gxh6 Qxd3 23. Rxg7+ Kh8 24. Ng5 Qxe2+ 25. Kxe2 Nd4+ 26.
Ke3 Ne6 27. Nxf7+ Rxf7 28. Rxf7 Rf8 29. Rxf8+ Bxf8 30. Kf3 Bxh6 31. Kg4 Nd4
32. Kh5 Kg7 33. c5 Bd1+ 34. Kh4 Kf6 35. Kg3 Ne2+ { White resigns } 0-1

[Event "ICC tourney 2565 (45 10)"]
[Site "Internet Chess Club"]
[Date "2021.05.15"]
[Round "4"]
[White "REVESZ, GREGORY:GRevesz"]
[Black "HU, ALEXANDER C:ahu1015"]
[Result "0-1"]
[ICCResult "White checkmated"]
[WhiteElo "2037"]
[BlackElo "2023"]
[Opening "Bird's opening"]
[ECO "A03"]
[NIC "VO.07"]
[Time "18:30:52"]
[PlyCount "58"]
[TimeControl "2700+10"]

1. f4 d5 2. d3 Nf6 3. Nf3 g6 4. g3 Bg7 5. c3 O-O 6. Bg2 c5 7. a4 Nc6 8. O-O
Re8 9. Ne5 Bd7 10. Qb3 Na5 11. Qc2 c4 12. Be3 Qc7 13. Nd2 Be6 14. h3 Nh5
15. g4 Nxf4 16. Nxf7 Nxg2 17. Nh6+ Bxh6 18. Bxh6 Nh4 19. Bf4 Qb6+ 20. d4
Rf8 21. Bg5 Nf5 22. gxf5 Bxf5 23. Qc1 Bxh3 24. Rxf8+ Rxf8 25. Bxe7 Qc7 26.
Bh4 g5 27. Bf2 Qf4 28. Nf3 Qg4+ 29. Kh2 Qg2# { White checkmated } 0-1

[Event "ICC tourney 2565 (45 10)"]
[Site "Internet Chess Club"]
[Date "2021.05.15"]
[Round "4"]
[White "REMPE, JONAS JAKOB RAZA:Drachekokosnuss"]
[Black "RODRIGUEZ, ELENA:Cachi16"]
[Result "1-0"]
[ICCResult "Black resigns"]
[WhiteElo "2100"]
[BlackElo "2100"]
[Opening "Ruy Lopez: closed, Bogolyubov variation"]
[ECO "C91"]
[NIC "RL.20"]
[Time "18:30:55"]
[PlyCount "81"]
[TimeControl "2700+10"]

1. e4 e5 2. Nf3 Nc6 3. Bb5 a6 4. Ba4 Nf6 5. O-O Be7 6. Re1 b5 7. Bb3 d6 8.
c3 O-O 9. d4 Bg4 10. Be3 Na5 11. Bc2 Nc4 12. Bc1 c5 13. b3 Nb6 14. Nbd2 Qc7
15. d5 a5 16. c4 a4 17. Bb2 a3 18. Bc1 b4 19. Nf1 h6 20. h3 Bd7 21. Be3 Kh7
22. Qd2 Ng8 23. g4 h5 24. N3h2 f6 25. Ng3 h4 26. Nf5 g5 27. Nf3 Bxf5 28.
exf5 Nh6 29. Nxg5+ fxg5 30. f6+ Kh8 31. fxe7 Rf4 32. Bxf4 gxf4 33. g5 Ng8
34. Qd3 Qxe7 35. Qg6 Nd7 36. Qh5+ Kg7 37. Kh2 Nf8 38. Rg1 Ra7 39. Rg4 Qf7
40. g6 Qf6 41. Qh7+ { Black resigns } 1-0

[Event "ICC tourney 2565 (45 10)"]
[Site "Internet Chess Club"]
[Date "2021.05.15"]
[Round "4"]
[White "Gao, Marvin:kaiclc"]
[Black "CHINCHILLA MIRANDA, EUGENIO:Chinchi"]
[Result "1-0"]
[ICCResult "Black resigns"]
[WhiteElo "2029"]
[BlackElo "2330"]
[Opening "French defense, Steiner variation"]
[ECO "C00"]
[NIC "FR.01"]
[Time "18:30:46"]
[PlyCount "41"]
[TimeControl "2700+10"]

1. e4 e6 2. c4 d5 3. cxd5 exd5 4. Qb3 dxe4 5. Bc4 Qe7 6. Nc3 Nf6 7. d3
exd3+ 8. Be3 d2+ 9. Kf1 Qd7 10. Bxd2 Bd6 11. Re1+ Kf8 12. Nf3 Nc6 13. Ne4
Nxe4 14. Rxe4 Qf5 15. Ng5 Nd8 16. g4 Qd7 17. Bb4 c5 18. Ba5 Nc6 19. Bxf7
Nxa5 20. Qf3 Be7 21. Ne6+ { Black resigns } 1-0

[Event "ICC tourney 2565 (45 10)"]
[Site "Internet Chess Club"]
[Date "2021.05.15"]
[Round "4"]
[White "ARIAS SANTANA, MAURICIO:Enemigoalacecho"]
[Black "BELOUS, VLADIMIR:Openyagami"]
[Result "0-1"]
[ICCResult "White resigns"]
[WhiteElo "2420"]
[BlackElo "2602"]
[Opening "Queen's pawn game"]
[ECO "D00"]
[NIC "QP.07"]
[Time "18:30:50"]
[PlyCount "72"]
[TimeControl "2700+10"]

1. d4 Nf6 2. Nc3 d5 3. Bf4 c5 4. e3 g6 5. Nb5 Na6 6. c3 Bg7 7. h3 O-O 8.
Nf3 Ne4 9. Be2 Bd7 10. O-O Qa5 11. a4 c4 12. b4 Qb6 13. Qc2 Rfc8 14. Ne5
Bf5 15. g4 Be6 16. Nf3 f5 17. Ne5 Nb8 18. Na3 Nd7 19. Nxd7 Bxd7 20. Nb1 g5
21. Bh2 Qh6 22. Kg2 fxg4 23. hxg4 Rf8 24. f3 Bxg4 25. fxg4 Rxf1 26. Bxf1
Rf8 27. Ra2 Qh4 28. Qd1 h5 29. gxh5 g4 30. Bf4 Bh6 31. Kg1 Bxf4 32. exf4
Rxf4 33. Bg2 Nf2 34. Qe2 g3 35. Qe6+ Kf8 36. Rxf2 Qh2+ { White resigns }
0-1